 Dungeon Crawl Stone Soup version 0.27.0-1-g7a089689b8 (webtiles) character file.

Game seed: 11203502075957717400

64 garrulousMonolith the Skirmisher (level 3, -14/29 HPs)
             Began as a Demonspawn Fighter on Aug 13, 2021.
             Killed by divine providence
             ... invoked by an orc priest
              (17 damage)
             ... on level 3 of the Dungeon.
             The game lasted 00:02:30 (1644 turns).

garrulousMonolith the Skirmisher (DsFi)             Turns: 1644, Time: 00:02:30

Health: -14/29     AC:  7    Str: 16    XL:     3   Next: 91%
Magic:  4/4        EV:  6    Int: 10    God:
Gold:   74         SH:  8    Dex: 12    Spells: 2/2 levels left

rFire    . . .     SeeInvis .   a - +0 trident
rCold    . . .     Faith    .   c - +0 kite shield
rNeg     . . .     Spirit   .   b - +0 scale mail
rPois    .         Reflect  .   (no helmet)
rElec    .         Harm     .   (no cloak)
rCorr    .         Rampage  .   k - +0 pair of gloves
Will     .....                  (no boots)
Stlth    ..........             (no amulet)
HPRegen  0.09/turn              (no ring)
MPRegen  0.09/turn              (no ring)

@: brilliant
A: powered by pain 1
a: no special abilities


You were on level 3 of the Dungeon.
You visited 1 branch of the dungeon, and saw 3 of its levels.

You collected 74 gold pieces.

Inventory:

Hand Weapons
 a - a +0 trident (weapon)
Armour
 b - a +0 scale mail (worn)
 c - a +0 kite shield (worn)
 k - a +0 pair of gloves (worn)
Scrolls
 e - a scroll of brand weapon {unknown}
 g - a scroll of teleportation
 h - a scroll of identify {unknown}
 j - a scroll of amnesia {unknown}
 l - 3 scrolls of fear
Potions
 d - a potion of might
 f - a potion of brilliance
 i - a potion of invisibility {unknown}
 m - a potion of attraction {unknown}


   Skills:
 + Level 3.3 Fighting
 * Level 2.5 Polearms
 + Level 3.0 Armour
 + Level 3.1 Shields
 + Level 1.8 Invocations


You had 2 spell levels left.
You didn't know any spells.
Your spell library contained the following spells:

 Spells                   Type           Power      Damage    Failure   Level
 Dazzling Flash           Conj/Hex       0%         N/A       100%        3
 Agony                    Necr           0%         N/A       100%        5
 Silence                  Hex/Air        0%         N/A       100%        5


Dungeon Overview and Level Annotations

Branches:
Dungeon (3/15)

Altars:

Shops:
D:1 :   D:2 (


Innate Abilities, Weirdness & Mutations

You sometimes gain a little power by taking damage.


Message History

You block the orc's attack. x2
Your shield and scale mail prevent you from hitting the orc.
The orc is moderately wounded.
You block the orc's attack.
You puncture the orc!
You kill the orc!
No target in view!
No target in view!
No target in view!
You see here a +0 flail.
There is a stone staircase leading down here.
You start resting.
HP restored.
You climb downwards.
The orc hits you but does no damage.
The orc priest calls down the wrath of Beogh upon you.
Beogh smites you!
There is a stone staircase leading up here.
You are too injured to fight recklessly!
You are too injured to fight recklessly!
You are too injured to fight recklessly!
You closely miss the orc. The orc hits you but does no damage.
You block the orc's attack.
The orc priest invokes the aid of Beogh against you.
Pain shoots through your body!
* * * LOW HITPOINT WARNING * * *
You hit the orc.
The orc is moderately wounded.
The orc hits you but does no damage.
The orc priest looks encouraged for a moment.
It was a potion of brilliance.
You feel clever all of a sudden. The orc barely misses you.
The orc priest hits you with a +0 club.
* * * LOW HITPOINT WARNING * * *
You hit the orc priest.
The orc priest is lightly wounded.
You block the orc's attack.
The orc priest invokes the aid of Beogh against you.
Beogh smites you!
Ouch! That really hurt!
You die...

.# .# .# >#
######.####
#.........#
#.........#
#....@o...#
.......o....#
###.........#
#.........#
###########


You could see an orc priest and an orc.

Vanquished Creatures
  2 adders (D:2)
  2 dart slugs (D:2)
  2 orcs
  3 endoplasms
  2 giant cockroaches (D:1)
  4 goblins
  4 hobgoblins
  2 jackals (D:1)
  2 kobolds
  2 quokkas
  3 ball pythons
  4 bats
  4 frilled lizards
  3 rats
39 creatures vanquished.

Notes
Turn   | Place    | Note
-------+----------+-------------------------------------------
     0 | D:1      | garrulousMonolith the Demonspawn Fighter began the quest
                  | for the Orb.
     0 | D:1      | Reached XP level 1. HP: 18/18 MP: 1/1
    45 | D:1      | Found Tiurgh's Book Shop.
   417 | D:1      | Gained mutation: You sometimes gain a little power by
                  | taking damage. [demonic ancestry]
   417 | D:1      | Reached XP level 2. HP: 21/24 MP: 2/2
   534 | D:1      | Found a faded altar of an unknown god.
   582 | D:1      | Reached skill level 1 in Invocations
   958 | D:2      | Reached XP level 3. HP: 24/29 MP: 3/3
  1291 | D:2      | Found Gaum Zio's Antique Weapon Shop.
  1644 | D:3      | Killed from afar by an orc priest

Illustrated notes

Levels and vault maps discovered:
D:1:      moated_graveyard_arrival, layout_rooms, serial_shops,
          nicolae_shop_waterfront, hellmonk_ecumenical_altar_slurped_away,
          amcnicky_mini_rare_corridor_liquid, minmay_pentomino_z4
D:2:      layout_rooms, serial_shops, shop, minmay_misc_feat_cross, st_stairs_8
D:3:      layout_rooms

Skill      XL: |  1  2  3 |
---------------+----------+-----
Polearms       | 2 |  2.5
Invocations    | 1 |  1.8
Shields        | 3 |  3.1
Armour         | 3 |  3.0
Fighting       | |  3.3

Action                   || total
-------------------------++-------
Melee: Trident           ||   142
  Use: Scroll            ||     2
       Potion            ||     1
Armor: Scale mail        ||    84
Dodge: Dodged            ||    31
Block: Kite shield       ||    86
